 Dungeon Crawl Stone Soup version 0.31-a0-1-g4198be8af4 (webtiles) character file.

Game seed: 3762257674303363075

4308 BubbleThief the Fighter (level 10, -8/98 HPs)
             Began as a Naga Cinder Acolyte on May 2, 2023.
             Was an Elder of Ignis.
             Mangled by an orc warlord
             ... wielding a +9 broad axe
              (22 damage)
             ... in a bailey.
             The game lasted 00:16:27 (8170 turns).

BubbleThief the Fighter (Naga Cinder Acolyte)       Turns: 8170, Time: 00:16:29

Health: -8/98      AC: 20    Str: 24    XL:     10   Next: 32%
Magic:  14/20      EV:  8    Int: 16    God:    Ignis [****..]
Gold:   494        SH:  0    Dex:  7    Spells: 12/22 levels left

rFire   + + .        a - -1 mace (flame)
rCold   + . .        (no shield)
rNeg    + . .        v - +4 ring mail {rC+}
rPois   +            (helmet restricted)
rElec   .            x - +2 ratskin cloak {*Rats rPois rN+ Str-1 Int-1 Dex+1}
rCorr   .            p - +0 pair of gloves
SInv    +            (no barding)
Will    +....        u - amulet of regeneration Stlth
                     y - ring of protection from fire
HPRegen 1.16/turn    B - +6 ring of strength
MPRegen 0.17/turn

%: no passive effects
@: fiery-armoured, very slow
A: AC +3, large, see invisible, deformed body, poison resistance, slowness 2,
spit poison 1, naga tail 1, antennae 1
a: Spit Poison, Renounce Religion, Fiery Armour, Foxfire Swarm, Rising Flame


You were in a bailey.
You worshipped Ignis.
Ignis was greatly pleased with you.
You visited 1 branch of the dungeon, and saw 8 of its levels.
You also visited: Bailey.

You collected 494 gold pieces.

Inventory:

Hand Weapons
 a - a -1 mace of flaming (weapon)
 r - a +1 morningstar
Missiles
 m - a throwing net
Armour
 b - a +0 robe
 k - a +3 leather armour
 p - a +0 pair of gloves (worn)
 s - a +1 helmet
 v - a +4 ring mail of cold resistance (worn)
 x - the +2 ratskin cloak (worn) {*Rats rPois rN+ Str-1 Int-1 Dex+1}
   (You found it on level 5 of the Dungeon)

   *Rats:     When the wearer is hurt, rats may emerge from it to assist them.
   Str:       It affects your strength (-1).
   Int:       It affects your intelligence (-1).
   Dex:       It affects your dexterity (+1).
   rPois:     It protects you from poison.
   rN:        It protects you from negative energy.
Jewellery
 u - an amulet of regeneration (around neck)
 y - a ring of protection from fire (left hand)
 B - a +6 ring of strength (right hand)
 D - a ring of positive energy
 E - a ring of resist corrosion
Wands
 A - a wand of flame (22)
Scrolls
 c - 2 scrolls of teleportation
 e - a scroll of summoning
 f - 5 scrolls of enchant weapon
 g - a scroll of vulnerability
 i - 2 scrolls of enchant armour
 l - 3 scrolls of identify
 o - a scroll of fog
 C - a scroll of fear
 G - a scroll of blinking {unknown}
Potions
 d - 3 potions of curing
 h - 2 potions of mutation
 j - 4 potions of brilliance {unknown}
 n - a potion of lignification {unknown}
 q - 2 potions of ambrosia
 t - a potion of degeneration {unknown}
 w - 3 potions of heal wounds {unknown}
 z - 2 potions of magic {unknown}
 F - 2 potions of haste {unknown}


   Skills:
 - Level 8.5 Fighting
 - Level 8.5 Maces & Flails
 + Level 6.9 Spellcasting
 - Level 3.5 Fire Magic
 - Level 7.2 Poison Magic


You had 12 spell levels left.
You knew the following spells:

 Your Spells              Type           Power      Damage    Failure   Level
a - Scorch                Fire           32%        2d6       7%          2
b - Flame Wave            Conj/Fire      11%        2d6       67%         4
c - Olgreb's Toxic Radia  Pois           28%        N/A       10%         4

Your spell library contained the following spells:

 Spells                   Type           Power      Damage    Failure   Level
 Sting                    Tmut/Pois      68%        1d6       4%          1
 Poisonous Vapours        Pois/Air       34%        N/A       7%          2
 Ensorcelled Hibernation  Hex/Ice        10%        N/A       30%         2
 Lesser Beckoning         Tloc           10%        N/A       30%         2
 Passwall                 Tmut/Erth      4%         N/A       30%         2
 Call Canine Familiar     Summ           5%         N/A       52%         3
 Gell's Gravitas          Tloc           5%         N/A       52%         3
 Portal Projectile        Hex/Tloc       10%        N/A       52%         3
 Swiftness                Air            5%         N/A       52%         3
 Teleport Other           Tloc           5%         N/A       52%         3
 Leda's Liquefaction      Hex/Erth       2%         N/A       89%         4
 Iskenderun's Battlesphe  Conj           5%         2d6       99%         5
 Iron Shot                Conj/Erth      2%         9d2       100%        6
 Summon Cactus Giant      Summ           2%         N/A       100%        6
 Spellforged Servitor     Conj/Summ      2%         N/A       100%        7


Dungeon Overview and Level Annotations

Branches:
Dungeon (8/15)             Temple (0/1) D:7          Bailey (1/1)
   Lair: D:8-11

Altars:
Ashenzari
Cheibriados
Dithmenos
Fedhas
Hepliaklqana
Makhleb
Okawaru
Qazlal
Sif Muna
Trog
Uskayaw
Vehumet
Xom
Zin
The Shining One

Annotations:
D:3 3 runed translucent doors, Mangosteen's ghost, amateur AtWr
D:6 2 transporters, rinse's ghost, novice OpTm
D:8 3 runed translucent doors, 13Fox's ghost, novice DsGl; greasedhog's ghost, novice FoFi


Innate Abilities, Weirdness & Mutations

Your serpentine skin is tough. (AC +3)
You have supernaturally acute eyesight. (SInv)
Armour fits poorly on your strangely shaped body.
Your system is resistant to poisons. (rPois)
You cover ground very slowly.
You can spit poison.
You have a snake-like lower body.
You have a pair of small antennae on your head.


Message History

Your hell rat closely misses the orc warlord.
The orc warrior hits you but does no damage.
The orc warlord closely misses you.
The orc warlord completely misses your hell rat.
The orc warrior hits you with a +0 war axe.
The orc warrior is burned by your cloak of flames.
You kill the orc warrior!
You hit the orc warlord. You burn the orc warlord.
The orc warlord is severely wounded.
Your hell rat bites the orc warlord but does no damage.
The orc warlord hits your hell rat with a +9 broad axe!!
Your hell rat dies!
The orc warlord hits you with a +9 broad axe!
* * * LOW HITPOINT WARNING * * *
The orc warlord is burned by your cloak of flames.
The orc warlord is severely wounded.
The orc warrior hits you with a +0 war axe!
* * * LOW HITPOINT WARNING * * *
The orc warlord shouts!
You hit the orc warlord. You burn the orc warlord.
The orc warlord is severely wounded.
The orc warlord hits you with a +9 broad axe.
* * * LOW HITPOINT WARNING * * *
The orc warlord is burned by your cloak of flames.
The orc warlord is severely wounded.
The orc warrior hits you with a +0 war axe.
* * * LOW HITPOINT WARNING * * *
The orc warrior is burned by your cloak of flames.
The orc warrior is almost dead.
You barely miss the orc warlord. Your punch misses the orc warlord.
The orc warlord is severely wounded.
The orc warlord completely misses you.
The orc warrior hits you but does no damage.
The orc warrior is burned by your cloak of flames.
You kill the orc warrior!
Unknown command.
As you read the scroll of summoning, it crumbles to dust.
Wisps of shadow whirl around you...
The orc warlord hits you with a +9 broad axe!!
You die...

#.......# ##.......##
#.........# ##...oo..g.##
#######..o..⌠....o#######
##.....##..g..o..)##.....##
#....).)'..oog....).......#
##....).)##.....o)##.))....##
#......)).#.go@)..#..)......#
##.....)...##88o88##.........##
#.....⌠.....###)###.....⌠.....#
##.........## ).. ##.........##
#.........# ..... #.........#
##.......##....)..##.......##
#.......#...).....#.......#
##.....##..)......##....)##
##'####...........####)##


You could see an orc warlord (poisoned, ally target), a friendly orc warrior
(summoned), a friendly orc priest (summoned), a friendly orc wizard (summoned),
4 friendly gnolls and 6 friendly orcs.

Vanquished Creatures
  An orc knight (Bailey)
  A steam dragon (D:8)
  A water moccasin (D:4)
  15 orc warriors
  2 ice beasts
  A black bear (D:4)
  A sky beast (D:7)
  2 centaurs
  A kobold brigand (D:6)
  5 scorpions
  A bullfrog (D:8)
  3 wights (D:6)
  A howler monkey (D:6)
  4 orc priests
  4 hounds
  A gnoll bouda (D:7)
  A jelly (D:4)
  5 iguanas
  A sleepcap (D:5)
  4 orc wizards
  17 gnolls
  9 adders
  A shadow imp (D:8)
  2 white imps
  2 worms
  2 dart slugs
  35 orcs
  5 endoplasms
  5 giant cockroaches
  14 goblins
  19 hobgoblins
  6 jackals
  3 quokkas (D:2)
  7 ball pythons
  13 bats
  A frilled lizard (D:1)
  15 kobolds
  7 rats
218 creatures vanquished.

Vanquished Creatures (collateral kills)
  2 wights (D:6)
  A hound (D:5)
  A gnoll (D:6)
  An orc (D:6)
5 creatures vanquished.

Vanquished Creatures (others)
  20 foxfires (Bailey)
20 creatures vanquished.

Grand Total: 243 creatures vanquished

Notes
Turn   | Place    | Note
-------+----------+-------------------------------------------
     0 | D:1      | BubbleThief the Naga Cinder Acolyte began the quest for the
                  | Orb.
     0 | D:1      | Reached XP level 1. HP: 21/21 MP: 2/2
   365 | D:1      | Reached XP level 2. HP: 28/28 MP: 3/3
  1328 | D:2      | Reached XP level 3. HP: 34/34 MP: 5/5
  1364 | D:2      | Reached XP level 4. HP: 5/42 MP: 6/6
  1522 | D:2      | Learned a level 2 spell: Scorch
  1890 | D:2      | Identified the +0 ring mail of Responsibility {rElec rPois
                  | rC++ Str-5}
  1968 | D:2      | Found a blossoming altar of Fedhas.
  2612 | D:3      | Found a runed translucent gate.
  2612 | D:3      | Found a runed translucent gate.
  2613 | D:3      | Found a runed translucent gate.
  2655 | D:3      | Reached XP level 5. HP: 50/50 MP: 5/8
  2913 | D:3      | Noticed Mangosteen's ghost (amateur AtWr)
  3369 | D:3      | Found a burning altar of Makhleb.
  3668 | D:4      | Noticed a water moccasin
  3674 | D:4      | Killed a water moccasin
  3675 | D:4      | Reached XP level 6. HP: 46/58 MP: 0/10
  3941 | D:4      | Found a blossoming altar of Fedhas.
  4034 | D:4      | Noticed a black bear
  4040 | D:4      | Killed a black bear
  4042 | D:4      | Found a glowing silver altar of Zin.
  4375 | D:4      | Reached XP level 7. HP: 65/66 MP: 5/12
  4456 | D:4      | Found a glowing golden altar of the Shining One.
  4462 | D:4      | Reached skill level 5 in Fighting
  4551 | D:5      | Entered Level 5 of the Dungeon
  4551 | D:5      | Found a hazy altar of Hepliaklqana.
  4566 | D:4      | Reached skill level 5 in Maces & Flails
  4841 | D:5      | Found a stormy altar of Qazlal.
  4923 | D:5      | Found the +2 ratskin cloak {*Rats rPois rN+ Str-1 Int-1
                  | Dex+1}
  5309 | D:5      | Found a shimmering altar of Xom.
  5367 | D:5      | Reached XP level 8. HP: 76/76 MP: 12/14
  5874 | D:6      | Found a hide-covered altar of Uskayaw.
  6035 | D:6      | Found a transporter.
  6035 | D:6      | Found a transporter.
  6035 | D:6      | Noticed rinse's ghost (novice OpTm)
  6153 | D:6      | Reached XP level 9. HP: 87/87 MP: 7/15
  6158 | D:6      | Learned a level 4 spell: Flame Wave
  6163 | D:6      | Learned a level 4 spell: Olgreb's Toxic Radiance
  6336 | D:6      | Found an iron altar of Okawaru.
  6631 | D:7      | Found a broken altar of Ashenzari.
  6799 | D:7      | Found a bloodstained altar of Trog.
  6858 | D:7      | Found a snail-covered altar of Cheibriados.
  6858 | D:7      | Found a shimmering blue altar of Sif Muna.
  6865 | D:7      | Found a staircase to the Ecumenical Temple.
  7399 | D:8      | Found a shadowy altar of Dithmenos.
  7413 | D:8      | Found a runed translucent gate.
  7413 | D:8      | Found a runed translucent gate.
  7413 | D:8      | Found a runed translucent gate.
  7413 | D:8      | Noticed 13Fox's ghost (novice DsGl)
  7414 | D:8      | Noticed greasedhog's ghost (novice FoFi)
  7500 | D:8      | Found a radiant altar of Vehumet.
  7578 | D:8      | Found a flagged portal.
  7598 | Bailey   | Entered a bailey
  7859 | Bailey   | Reached skill level 5 in Poison Magic
  7910 | Bailey   | Noticed an orc knight
  7932 | Bailey   | Reached skill level 5 in Spellcasting
  7934 | Bailey   | Killed an orc knight
  7935 | Bailey   | Reached XP level 10. HP: 52/98 MP: 7/18
  7938 | Bailey   | HP: 4/98 [orc warrior/+0 war axe (5)]
  8147 | Bailey   | Noticed an orc warlord
  8158 | Bailey   | Gained mutation: You have a pair of small antennae on your
                  | head. [potion of mutation]
  8170 | Bailey   | Mangled by an orc warlord

Illustrated notes

Levels and vault maps discovered:
D:1:      saegor_arrival_simple_d, layout_basic, serial_bayou_pond_d
D:2:      layout_loops_corners, basic_altar
D:3:      layout_rooms, lightli_temple_of_fire, ebering_ghost_rock_garden,
          chequers_serial_rivers_small_3, minmay_misc_feat_nine_boxes,
          chequers_serial_rivers_small_a
D:4:      minmay_general_purpose_star, layout_rooms,
          mainiacjoe_overflow_concentric_impassable, fedhas_altar_4,
          kennysheep_mini
D:5:      layout_rooms, nicolae_qazlal_eye_of_the_storm, general_overflow_altar,
          mainiacjoe_overflow_brackets
D:6:      layout_rooms, kennysheep_okawaru_gauntlet,
          nicolae_uskayaw_dance_studio, gammafunk_ghost_hive,
          minmay_misc_feat_alley, dk_noncrumbling_2
D:7:      layout_basic, mainiacjoe_overflow_tiny_flanked, ashenzari_altar_1,
          gammafunk_temple_overflow_elements, minmay_temple_entry_glassed_door
D:8:      layout_loops_ring, mainiacjoe_overflow_catwalk,
          nemelex_xobeh_ov_fountains_minmay, old_standard_altar,
          mainiacjoe_overflow_alcove_4, gammafunk_ghost_cemetery, enter_bailey_3
Bailey:   bailey_axe_minmay_hex_keep, bailey

Skill      XL: |  1  2  3  4  5  6  7  8  9 10 |
---------------+-------------------------------+-----
Spellcasting   | 2 3 4 5 6 |  6.9
Fighting       | 4 5 7 8 |  8.5
Maces & Flails | 4 5 7 8 |  8.5
Poison Magic   | 7 |  7.2
Fire Magic     | |  3.5

Action                     |  1- 3 |  4- 6 |  7- 9 | 10-12 || total
---------------------------+-------+-------+-------+-------++-------
  Melee: Mace              |    50 |    40 |   256 |    25 ||   371
         Punch             |       |       |     3 |     1 ||     4
   Cast: Scorch            |       |    62 |    97 |     1 ||   160
         Olgreb's Toxic Ra |       |       |     3 |     4 ||     7
 Invoke: Fiery Armour      |     1 |       |     2 |     1 ||     4
         Foxfire Swarm     |       |       |     1 |       ||     1
Ability: Spit Poison       |    28 |    29 |    46 |     2 ||   105
  Evoke: Wand              |       |       |       |     1 ||     1
    Use: Scroll            |       |       |     9 |     1 ||    10
         Potion            |       |       |       |     1 ||     1
 Armour: Robe              |    11 |    25 |       |       ||    36
         Ring mail         |       |       |   250 |    12 ||   262
  Dodge: Dodged            |    33 |    44 |   188 |    10 ||   275

Table legend: (Time is in decaauts)
 A = Elapsed time spent in this place.
 B = Non-inter-level travel time spent in this place.
 C = Inter-level travel time spent in this place.
 D = Time resting spent in this place.
 E = Time spent auto-exploring this place.
 F = Levels seen in this place.
 G = Mean time per level.
                   A        B        C        D        E       F      G
               +--------+--------+--------+--------+--------+-----+--------+
         Total |  10012 |   9706 |    306 |    430 |   7643 |   9 | 1112.4 |
       Dungeon |   9376 |   9070 |    306 |    371 |   7294 |   8 | 1172.0 |
        Bailey |    636 |    636 |      0 |     59 |    349 |   1 |  636.0 |
               +--------+--------+--------+--------+--------+-----+--------+

Top non-repeatable levels by time:
     D:1: 1697 daAuts
     D:2: 1511 daAuts
     D:4: 1396 daAuts
     D:3: 1176 daAuts
     D:6: 1130 daAuts
     D:5: 1124 daAuts
     D:7: 937 daAuts
  Bailey: 636 daAuts
     D:8: 401 daAuts
